 Dungeon Crawl Stone Soup version 0.20.1-1-g8b1a95d (webtiles) character file.

1046 Linguinho the Covered (level 8, -9/60 HPs)
             Began as a Demonspawn Fighter on Nov 12, 2017.
             Was a Believer of Cheibriados.
             Mangled by an ogre
             ... wielding a +0 giant club
              (17 damage)
             ... on level 6 of the Dungeon.
             The game lasted 00:07:44 (4275 turns).

Linguinho the Covered (Demonspawn Fighter)          Turns: 4275, Time: 00:07:45

Health: -9/60      AC: -1    Str: 22    XL:     8   Next: 5%
Magic:  17/17      EV:  8    Int: 15    God:    Cheibriados [**....]
Gold:   249        SH: 10    Dex: 20    Spells: 7/7 levels left

rFire    . . .     SeeInvis +   z - +0 dagger (flame)
rCold    . . .     Gourm    .   c - +0 shield
rNeg     . . .     Faith    .   s - +0 chain mail
rPois    .         Spirit   .   (no helmet)
rElec    .         Reflect  .   (no cloak)
rCorr    .         Harm     .   r - +0 pair of gloves
MR       .....                  (no boots)
Stlth    ..........             (no amulet)
Regen    0.2/turn               h - ring of see invisible
MPRegen  0.2/turn               j - ring of magical power

@: corroded, very slow
A: hooves 2, thin skeletal structure 2, rot immunity
a: Bend Time, Renounce Religion


You were on level 6 of the Dungeon.
You worshipped Cheibriados.
Cheibriados was pleased with you.
You were not hungry.

You visited 1 branch of the dungeon, and saw 6 of its levels.

You collected 249 gold pieces.

Inventory:

Hand Weapons
 a - a +0 war axe
 z - a +0 dagger of flaming (weapon)
Armour
 c - a +0 shield (worn)
 r - a +0 pair of gloves (worn)
 s - a +0 chain mail (worn)
 A - a +0 robe
Jewellery
 h - a ring of see invisible (left hand)
 j - a ring of magical power (right hand)
 v - an uncursed ring of protection from cold {unknown}
 w - an uncursed ring of positive energy {unknown}
 B - an uncursed amulet of the gourmand {unknown}
 C - an uncursed ring of positive energy {unknown}
Scrolls
 e - 9 scrolls of identify {unknown}
 g - a scroll of teleportation {unknown}
 i - 3 scrolls of fear {unknown}
 l - a scroll of recharging {unknown}
 m - 2 scrolls of enchant armour {unknown}
 n - a scroll of magic mapping {unknown}
 t - a scroll of fog {unknown}
 u - 4 scrolls of remove curse {unknown}
 y - a scroll of random uselessness {unknown}
Potions
 b - a potion of brilliance {unknown}
 d - a potion of might
 k - 2 potions of curing {unknown}
 p - 2 potions of heal wounds
 q - a potion of magic {unknown}
 x - a potion of berserk rage {unknown}
 D - a potion of cancellation {unknown}
Comestibles
 f - 3 bread rations
 o - 3 meat rations


   Skills:
 - Level 3.7 Fighting
 * Level 3.7 Short Blades
 - Level 3.6 Axes
 - Level 4.0 Armour
 * Level 3.4 Dodging
 * Level 3.5 Stealth
 - Level 3.8 Shields


You had 7 spell levels left.
You didn't know any spells.

Dungeon Overview and Level Annotations

Branches:
Dungeon (5/15)
 Temple: D:4-7

Altars:
Cheibriados
Elyvilon
Fedhas
Vehumet
Xom
Yredelemnul
Zin
The Shining One


Innate Abilities, Weirdness & Mutations

You have hoof-like feet.
You have a moderately thin skeletal structure. (Dex +4, Stealth+)
You are immune to rotting.


Message History

The ogre is lightly wounded.
You block the ogre's attack. The giant cockroach barely misses you.
You hit the ogre but do no damage. You kick the ogre, but do no damage.
The ogre is lightly wounded.
You block the giant cockroach's attack. You block the ogre's attack.
You hit the ogre but do no damage. You kick the ogre, but do no damage.
The ogre is lightly wounded.
You block the giant cockroach's attack. The ogre hits you with a giant club!
Your shield and chain mail prevent you from hitting the ogre.
You kick the ogre, but do no damage.
The ogre is lightly wounded.
The giant cockroach bites you.
You closely miss the ogre. Your kick misses the ogre.
The ogre is lightly wounded.
You block the giant cockroach's attack. The ogre hits you with a giant club!
* * * LOW HITPOINT WARNING * * *
The giant cockroach bites you.
* * * LOW HITPOINT WARNING * * *
The ogre hits you with a giant club!
You die...

.# ......... ..# ..
.......# #.# .. #....###.#
.. .. #......#.###..#.
.### #...[#.......... .#.#
#####.###(##.... ##.#
###.....###.###... #..#
##...####..OZ......#
..#####..#>.....@s........
..##.....#.....###.###.###
.........#..#### #... #
..##.......## #..##
..##....).## ....
####.....## ....# #.....#
...# #.....# #.....#


You could see an ogre, a giant cockroach and an adder skeleton.

Vanquished Creatures
  Sigmund (D:4)
  An ice beast (D:5)
  A phantom (D:5)
  A centaur (D:5)
  2 scorpions
  2 crimson imps (D:5)
  A bullfrog zombie (D:5)
  A jelly (D:6)
  An orc wizard (D:4)
  2 orc priests (D:3)
  4 hounds
  A gnoll (D:4)
  11 adders
  An ooze (D:1)
  2 adder skeletons
  3 worms
  2 dart slugs
  2 leopard geckos
  5 orcs
  A ball python (D:3)
  3 giant cockroaches
  7 goblins
  8 hobgoblins
  4 jackals (D:1)
  3 quokkas
  8 bats
  5 frilled lizards
  6 kobolds
  A leopard gecko skeleton (D:6)
  3 rats
93 creatures vanquished.

Notes
Turn   | Place    | Note
-------+----------+-------------------------------------------
     0 | D:1      | Linguinho the Demonspawn Fighter began the quest for the Orb.
     0 | D:1      | Reached XP level 1. HP: 18/18 MP: 1/1
   216 | D:1      | Gained mutation: You have large cloven feet. [demonic ancestry]
   216 | D:1      | Reached XP level 2. HP: 20/24 MP: 2/2
   296 | D:1      | Reached skill level 3 in Armour
   644 | D:1      | Gained mutation: You are immune to rotting. [demonic ancestry]
   644 | D:1      | Reached XP level 3. HP: 24/29 MP: 3/3
   977 | D:2      | Found a snail-covered altar of Cheibriados.
   993 | D:2      | Became a worshipper of Cheibriados the Contemplative
  1308 | D:2      | Reached XP level 4. HP: 24/35 MP: 4/4
  2229 | D:3      | Reached * piety under Cheibriados
  2294 | D:3      | Found a blossoming altar of Fedhas.
  2312 | D:3      | Gained mutation: You have hoof-like feet. [demonic ancestry]
  2312 | D:3      | Reached XP level 5. HP: 22/41 MP: 5/5
  2497 | D:4      | Reached skill level 1 in Dodging
  2500 | D:4      | Reached skill level 4 in Armour
  2500 | D:4      | Gained mutation: You have a somewhat thin skeletal structure. (Dex +2, Stealth) [demonic ancestry]
  2500 | D:4      | Reached XP level 6. HP: 37/48 MP: 6/6
  2553 | D:4      | Found a white marble altar of Elyvilon.
  2554 | D:4      | Found a glowing silver altar of Zin.
  2555 | D:4      | Found a glowing golden altar of the Shining One.
  2663 | D:4      | Found a basalt altar of Yredelemnul.
  2989 | D:4      | Noticed Sigmund
  3013 | D:4      | Killed Sigmund
  3013 | D:4      | Reached skill level 1 in Short Blades
  3013 | D:4      | Reached skill level 1 in Stealth
  3037 | D:4      | Gained mutation: You have a moderately thin skeletal structure. (Dex +4, Stealth+) [demonic ancestry]
  3037 | D:4      | Reached XP level 7. HP: 33/53 MP: 7/7
  3408 | D:5      | Entered Level 5 of the Dungeon
  3476 | D:5      | Reached ** piety under Cheibriados
  3793 | D:5      | Found a radiant altar of Vehumet.
  3933 | D:5      | Found a shimmering altar of Xom.
  3959 | D:5      | Reached XP level 8. HP: 36/60 MP: 8/8
  4177 | D:5      | You fall through a shaft!
  4275 | D:6      | Mangled by an ogre

Skill      XL: |  1  2  3  4  5  6  7 |
---------------+----------------------+-----
Axes           | 2 3 |  3.6
Armour         | 3 4 |  4.0
Shields        | 3 |  3.8
Dodging        | 1 2 3 |  3.4
Short Blades   | 1 3 |  3.7
Stealth        | 2 3 |  3.5
Fighting       | |  3.7

Action                   |  1- 3 |  4- 6 |  7- 9 || total
-------------------------+-------+-------+-------++-------
Melee: War axe           |   122 |   109 |       ||   231
       Kick              |    27 |    41 |    54 ||   122
       Dagger            |       |    33 |   126 ||   159
  Use: Potion            |       |     2 |       ||     2
  Eat: Chunk             |     1 |     5 |     3 ||     9
Armor: Scale mail        |    56 |       |       ||    56
       Chain mail        |    11 |    78 |    46 ||   135
Dodge: Dodged            |    34 |    31 |    29 ||    94
Block: Shield            |    61 |    68 |    64 ||   193
